 Dungeon Crawl Stone Soup version 0.27.1-33-g824d729ab1 (webtiles) character file.

Game seed: 12937968462029008896

46 comborobin the Sneak (level 3, -1/24 HPs)
             Began as an Octopode Brigand on Dec 29, 2021.
             Slain by a goblin (4 damage)
             ... on level 2 of the Dungeon.
             The game lasted 00:00:37 (1210 turns).

comborobin the Sneak (Octopode Brigand)             Turns: 1210, Time: 00:00:38

Health: -1/24      AC:  1    Str: 10    XL:     3   Next: 66%
Magic:  3/3        EV: 12    Int: 14    God:
Gold:   7          SH:  0    Dex: 13    Spells: 2/2 levels left

rFire    + . .     SeeInvis .   a - +2 dagger
rCold    . . .     Faith    .   (no shield)
rNeg     . . .     Spirit   .   (helmet restricted)
rPois    .         Reflect  .   (no amulet)
rElec    .         Harm     .   g - ring of protection from fire
rCorr    .         Rampage  .   (no ring)
Will     .....                  (no ring)
Stlth    ++++......             (no ring)
HPRegen  0.08/turn              (no ring)
MPRegen  0.08/turn              (no ring)
                                (no ring)
                                (no ring)

@: no status effects
A: almost no armour, amphibious, 8 rings, camouflage 1, gelatinous body 1,
(nimble swimmer 1), tentacles
a: no special abilities


You were on level 2 of the Dungeon.
You visited 1 branch of the dungeon, and saw 2 of its levels.

You collected 7 gold pieces.

Inventory:

Hand Weapons
 a - a +2 dagger (weapon)
Missiles
 b - 8 poisoned darts (quivered)
 c - 2 curare-tipped darts
Jewellery
 g - a ring of protection from fire (left tentacle)
Scrolls
 d - 2 scrolls of identify {unknown}
 e - a scroll of teleportation {unknown}
 f - a scroll of magic mapping {unknown}


   Skills:
 - Level 2.0 Fighting
 + Level 3.9 Short Blades
 - Level 2.0 Throwing
 - Level 1.0 Dodging
 - Level 5.3 Stealth


You had 2 spell levels left.
You didn't know any spells.
Your spell library was empty.

Dungeon Overview and Level Annotations

Branches:
Dungeon (2/15)

Altars:


Innate Abilities, Weirdness & Mutations

You cannot wear most types of armour.
You are amphibious.
You can wear up to eight rings at the same time.
Your skin changes colour to match your surroundings (Stealth+).
Your rubbery body absorbs attacks. (AC +1, EV +1)
((You are camouflaged near water. (Stealth+)))
You have tentacles for arms and can constrict up to eight enemies at once.


Message History

An adder comes into view.
An adder is nearby!
The helpless adder fails to defend itself.
You impale the adder!!
You kill the adder!
No target in view!
A goblin comes into view. It is wielding a +0 dagger.
The goblin shouts!
The goblin unwields a +0 dagger.
The goblin wields a +2 hunting sling of flaming.
It bursts into flame!
The goblin shoots a stone.
The stone hits you. The stone burns you.
The goblin shoots a stone.
The stone misses you.
The goblin shoots a stone.
The stone barely misses you.
A goblin comes into view. It is wielding a +0 dagger.
There are monsters nearby!
The goblin shoots a stone.
The stone hits you!
A frilled lizard comes into view.
The goblin shoots a stone.
The stone barely misses you.
The goblin shouts!
There are monsters nearby!
The frilled lizard hisses angrily.
The goblin shoots a stone.
The stone hits you!
* * * LOW HITPOINT WARNING * * *
The stone burns you.
* * * LOW HITPOINT WARNING * * *
You are too injured to fight recklessly!
There are monsters nearby!
The goblin unwields a +2 hunting sling of flaming.
It stops flaming.
The goblin wields a +0 dagger.
The goblin hits you with a +0 dagger.
* * * LOW HITPOINT WARNING * * *
You are too injured to fight recklessly!
You closely miss the goblin. Your grab misses the goblin.
The goblin hits you with a +0 dagger.
* * * LOW HITPOINT WARNING * * *
You are too injured to fight recklessly!
You closely miss the goblin. Your grab misses the goblin.
The goblin hits you with a +0 dagger.
You die...

#.#
#.#
#.#
#.#
#.#
#.#
#.#
#.#
#.#
#.#
#.#
#.#
#@#
#g#
#g#
#l#
#.#
...
...
...


You could see 2 goblins and a frilled lizard.

Vanquished Creatures
  A gnoll (D:1)
  An adder (D:2)
  2 dart slugs (D:1)
  3 bats (D:1)
  An endoplasm (D:1)
  5 hobgoblins (D:1)
  A quokka (D:1)
  3 ball pythons (D:1)
  A frilled lizard (D:1)
  2 goblins (D:1)
  A rat (D:1)
21 creatures vanquished.

Notes
Turn   | Place    | Note
-------+----------+-------------------------------------------
     0 | D:1      | comborobin the Octopode Brigand began the quest for the
                  | Orb.
     0 | D:1      | Reached XP level 1. HP: 14/14 MP: 1/1
   240 | D:1      | Reached XP level 2. HP: 11/19 MP: 2/2
   404 | D:1      | Found a faded altar of an unknown god.
   533 | D:1      | Reached XP level 3. HP: 16/24 MP: 3/3
  1210 | D:2      | Slain by a goblin

Illustrated notes

Levels and vault maps discovered:
D:1:      amcnicky_arrival_choice, layout_rooms,
          hellmonk_ecumenical_altar_zigzags
D:2:      layout_loops_ring, uniq_crazy_yiuf_cottage

Skill      XL: |  1  2 |
---------------+-------+-----
Short Blades   | 3 |  3.9
Fighting       | |  2.0
Throwing       | |  2.0
Dodging        | |  1.0
Stealth        | |  5.3

Action                   || total
-------------------------++-------
Melee: Dagger            ||    40
       Constrict         ||    11
       Tentacles         ||     7
 Stab: Sleeping          ||     6
Armor: Skin              ||     3
Dodge: Dodged            ||    20
